 Dungeon Crawl Stone Soup version 0.29-a0-1043-g569b05d6ff (webtiles) character file.

Game seed: 12756067398404657771

347 drugrobin the Chopper (level 6, -2/50 HPs)
             Began as a Demigod Delver on Aug 16, 2022.
             Succumbed to a scorpion's poison
             ... on level 4 of the Dungeon.
             The game lasted 00:11:29 (4711 turns).

drugrobin the Chopper (Demigod Delver)              Turns: 4711, Time: 00:11:29

Health: -2/50      AC:  7    Str: 21    XL:     6   Next: 10%
Magic:  8/8        EV: 11    Int: 12    God:
Gold:   155        SH:  5    Dex: 15    Spells: 5/5 levels left

rFire   . . .      SeeInvis +   a - +0 hand axe
rCold   . . .      Faith    .   x - +2 buckler
rNeg    . . .      Spirit   .   h - +0 leather armour
rPois   .          Reflect  .   r - +1 helmet
rElec   .          Harm     .   k - +1 cloak
rCorr   .          Rampage  .   (no gloves)
Will    .....                   (no boots)
Stlth   +++.......              (no amulet)
HPRegen 0.16/turn               p - ring of see invisible
MPRegen 0.11/turn               (no ring)

@: lethally poisoned (-2 -> -19)
A: high MP 1, forlorn, divine attributes
a: no special abilities


You were on level 4 of the Dungeon.
You visited 1 branch of the dungeon, and saw 5 of its levels.

You collected 320 gold pieces.
You spent 165 gold pieces at shops.

Inventory:

Hand Weapons
 a - a +0 hand axe (weapon)
 b - a +0 sling
 c - a +0 war axe
Armour
 h - a +0 leather armour (worn)
 k - a +1 cloak (worn)
 r - a +1 helmet (worn)
 x - a +2 buckler (worn)
 y - a +0 chain mail
Magical Staves
 A - a staff of air
Jewellery
 p - a ring of see invisible (left hand)
Wands
 g - a wand of digging (3)
 t - a wand of polymorph (9)
Scrolls
 d - a scroll of magic mapping
 e - 2 scrolls of fear
 i - 4 scrolls of identify {unknown}
 l - a scroll of blinking {unknown}
 n - a scroll of teleportation {unknown}
 s - a scroll of poison {unknown}
 u - a scroll of torment {unknown}
 w - a scroll of fog
 B - a scroll of vulnerability {unknown}
 C - a scroll of enchant weapon {unknown}
 D - 3 scrolls of amnesia {unknown}
Potions
 f - a potion of haste
 m - a potion of attraction {unknown}
 o - a potion of flight
 q - a potion of might {unknown}
 v - a potion of brilliance {unknown}
 z - a potion of ambrosia {unknown}


   Skills:
 - Level 2.6 Fighting
 + Level 6.2 Axes
 - Level 1.7 Dodging
 - Level 4.5 Stealth


You had 5 spell levels left.
You didn't know any spells.
Your spell library contained the following spells:

 Spells                   Type           Power      Damage    Failure   Level
 Conjure Flame            Conj/Fire      0%         6-21      85%         3
 Ignite Poison            Fire/Tmut/Pois 0%         N/A       85%         3
 Sticky Flame             Conj/Fire      0%         2d3       99%         4


Dungeon Overview and Level Annotations

Branches:
Dungeon (5/15)
 Temple: D:4-7

Shops:
D:3 [   D:5 =[

Annotations:
D:3 exclusion: water moccasin
D:5 1 runed translucent door, Crazy Yiuf


Innate Abilities, Weirdness & Mutations

You have an increased reservoir of magic. (+10% MP)
You shall have no god before yourself.
Your divine heritage dramatically boosts your attributes as you level up.


Message History

The black bear growls angrily.
You hit the scorpion but do no damage.
The scorpion is almost dead.
You feel very sick.
The scorpion stings you but does no damage.
The scorpion closely misses you.
You hit the scorpion but do no damage.
The scorpion is almost dead.
You feel very sick. You block the scorpion's attack.
You closely miss the scorpion.
The scorpion is almost dead.
You feel sick. The scorpion stings you.
You are more poisoned.
The scorpion poisons you!
You hit the scorpion but do no damage.
The scorpion is almost dead.
You feel very sick. The scorpion stings you.
* * * LOW HITPOINT WARNING * * *
You are more poisoned.
The scorpion poisons you! The scorpion barely misses you.
Unknown command.
Okay, then.
As you read the scroll of fear, it crumbles to dust.
You assume a fearsome visage.
The black bear looks frightened!
The scorpion looks frightened!
* * * LOW HITPOINT WARNING * * *
You feel very sick.
Unknown command.
Unknown command.
It was a potion of flight.
You feel very buoyant.
You fly up into the air.
* * * LOW HITPOINT WARNING * * *
You feel very sick.
It was a potion of cancellation.
Your magical effects are unravelling.
You feel magically purged.
You float gracefully downwards.
You die...

# ........##...# ...# #.......
#..........##...#.....# ######'#
#...............#.....# #.....+
#...##.....##...#.....# #.....#
#...#########...#.....#+######'##
#...#...........'.....(..........
+...#...........#................
#...#......####'#..(.............
#>..#......#h...@..s.............
##'###.....'..<.......#########+#
.....##'####.......>..#.........#
......................+.........+
......................#..##<....#
......................#. #.....#
......................+ #.....#
.#'#######+######!....# ##.....#
.#.. ..... #......#


You could see a black bear (fleeing) and a scorpion (fleeing).

Vanquished Creatures
  3 scorpions
  Natasha (D:2)
  5 adders
  A white imp (D:5)
  6 dart slugs
  4 orcs (D:5)
  5 endoplasms
  2 giant cockroaches
  8 hobgoblins
  4 jackals (D:5)
  6 kobolds
  4 quokkas
  5 ball pythons
  4 bats
  5 frilled lizards
  8 goblins
  8 rats
79 creatures vanquished.

Vanquished Creatures (others)
  22 plants
  7 withered plants (D:2)
29 creatures vanquished.

Grand Total: 108 creatures vanquished

Notes
Turn   | Place    | Note
-------+----------+-------------------------------------------
     0 | D:5      | drugrobin the Demigod Delver began the quest for the Orb.
     0 | D:5      | Reached XP level 1. HP: 18/18 MP: 3/3
    31 | D:5      | Found Xiapnall's Antique Armour Boutique.
   122 | D:4      | Noticed a scorpion
   137 | D:5      | Noticed a scorpion
   162 | D:4      | Noticed a black bear
   175 | D:4      | Reached skill level 2 in Axes
   372 | D:3      | Reached XP level 2. HP: 23/25 MP: 4/4
   427 | D:3      | Noticed a water moccasin
   492 | D:2      | Reached skill level 3 in Axes
  1046 | D:1      | Reached XP level 3. HP: 25/30 MP: 5/5
  2111 | D:2      | Noticed Natasha
  2133 | D:2      | Reached skill level 4 in Axes
  2231 | D:2      | Killed Natasha
  2232 | D:2      | Reached XP level 4. HP: 36/37 MP: 6/6
  2656 | D:3      | Found Xoenun's Armour Boutique.
  2663 | D:3      | Bought a +2 buckler for 165 gold pieces
  3087 | D:4      | Noticed an ogre
  3608 | D:5      | Found Qeicinan's Jewellery Emporium.
  3770 | D:5      | Reached skill level 5 in Axes
  3770 | D:5      | Reached XP level 5. HP: 39/42 MP: 7/7
  4324 | D:5      | Found a runed translucent door.
  4325 | D:5      | Noticed Crazy Yiuf
  4538 | D:4      | Reached skill level 6 in Axes
  4538 | D:4      | Reached XP level 6. HP: 41/50 MP: 8/8
  4710 | D:4      | HP: 2/50 [poisoned by a scorpion]
  4711 | D:4      | Succumbed to a scorpion's poison

Illustrated notes

Levels and vault maps discovered:
D:1:      tarquinn_simple_flora_water_b, layout_basic, minmay_misc_feat_doors
D:2:      layout_rooms, shapermc_ecumenical_altar_flowoftime, uniq_natasha
D:3:      layout_rooms, serial_shops, shop, serial_bayou_ford_a
D:4:      layout_gridville, uniq_ijyb
D:5:      layout_loops_cross, kennysheep_slug_shrine, serial_shops,
          nicolae_inconvenience_store, nicolae_shop_statue_plus,
          uniq_crazy_yiuf_cottage

Skill      XL: |  1  2  3  4  5 |
---------------+----------------+-----
Axes           | 2 3 4 5 6 |  6.2
Fighting       | |  2.6
Dodging        | |  1.7
Stealth        | |  4.5

Action                   |  1- 3 |  4- 6 || total
-------------------------+-------+-------++-------
Melee: Hand axe          |   124 |   122 ||   246
       Punch             |     1 |       ||     1
       War axe           |       |    26 ||    26
 Fire: Sling             |    45 |     9 ||    54
Throw: Throwing net      |     1 |       ||     1
       Dart              |       |    12 ||    12
  Use: Potion            |       |     2 ||     2
       Scroll            |       |     1 ||     1
 Stab: Sleeping          |     2 |     1 ||     3
Armor: Leather armour    |    48 |    57 ||   105
Dodge: Dodged            |    75 |    69 ||   144
Block: Buckler           |       |    30 ||    30

Table legend: (Time is in decaauts)
 A = Elapsed time spent in this place.
 B = Non-inter-level travel time spent in this place.
 C = Inter-level travel time spent in this place.
 D = Time resting spent in this place.
 E = Time spent auto-exploring this place.
 F = Levels seen in this place.
 G = Mean time per level.
                   A        B        C        D        E       F      G
               +--------+--------+--------+--------+--------+-----+--------+
         Total |   4781 |   4360 |    421 |    443 |   2663 |   5 |  956.2 |
       Dungeon |   4781 |   4360 |    421 |    443 |   2663 |   5 |  956.2 |
               +--------+--------+--------+--------+--------+-----+--------+

Top non-repeatable levels by time:
     D:1: 1299 daAuts
     D:5: 1197 daAuts
     D:3: 1057 daAuts
     D:4: 615 daAuts
     D:2: 612 daAuts
